 Dungeon Crawl Stone Soup version 0.30-a0-862-g1aabd4f9c5 (webtiles) character file.

Game seed: 18310944245562151636

3278 ragingrage the Carver (level 10, -13/53 HPs)
             Began as a Tengu Warper on Mar 9, 2023.
             Was an Initiate of Gozag.
             Killed from afar by a steam dragon (17 damage)
             ... with a ball of steam
             ... on level 4 of the Dungeon.
             The game lasted 00:10:43 (7868 turns).

ragingrage the Carver (Tengu Warper)                Turns: 7868, Time: 00:10:43

Health: -13/53     AC:  5    Str: 11    XL:     10   Next: 0%
Magic:  15/15      EV: 14    Int: 13    God:    Gozag
Gold:   162        SH:  0    Dex: 19    Spells: 4/15 levels left

rFire   . . .      SeeInvis .    a - +12 great sword of the Wraith {venom, rC++ Stlth+}
rCold   + + +      Faith    .    (shield currently unavailable)
rNeg    . . .      Spirit   .    D - +0 leather armour
rPois   .          Reflect  .    g - +2 hat
rElec   .          Rampage  .    (no cloak)
rCorr   .                        (no gloves)
Will    +....                    (boots unavailable)
Stlth   +++                      (no amulet)
HPRegen 0.28/turn                n - ring of willpower
MPRegen 0.14/turn                t - ring of protection from cold

@: flying quickly and evasively, quick
A: beak, talons 3, nimble flight
a: Renounce Religion, Potion Petition, Call Merchant, Bribe Branch


You were on level 4 of the Dungeon.
You worshipped Gozag.
Gozag was aware of your devotion.
You visited 1 branch of the dungeon, and saw 8 of its levels.

You collected 574 gold pieces.
You spent 278 gold pieces at shops.
You paid 134 gold pieces to Gozag.

Inventory:

Hand Weapons
 a - the +12 great sword of the Wraith (weapon) {venom, rC++ Stlth+}
   (You bought it in a shop on level 4 of the Dungeon)

   rC:        It greatly protects you from cold.
   Stlth:     It makes you more stealthy.
 b - a +2 dagger of speed
Missiles
 d - 7 boomerangs of dispersal
 p - 6 boomerangs
 w - 24 poisoned darts
Armour
 g - a +2 hat (worn)
 D - a +0 leather armour (worn)
Jewellery
 n - a ring of willpower (left hand)
 t - a ring of protection from cold (right hand)
Wands
 B - a wand of flame (18)
 C - a wand of charming (10)
Scrolls
 c - 3 scrolls of blinking
 f - 7 scrolls of teleportation
 h - a scroll of torment
 k - a scroll of brand weapon
 l - 3 scrolls of poison
 m - a scroll of immolation {unknown}
 o - 2 scrolls of magic mapping
 s - a scroll of enchant weapon {unknown}
 x - a scroll of silence {unknown}
 y - a scroll of vulnerability {unknown}
Potions
 i - 4 potions of mutation
 j - a potion of attraction
 r - a potion of cancellation
 u - a potion of invisibility
 v - 2 potions of curing
 z - a potion of might
 A - a potion of degeneration
 E - a potion of ambrosia


   Skills:
 - Level 2.0 Fighting
 + Level 11.6 Long Blades
 - Level 1.0 Throwing
 - Level 1.1 Armour
 - Level 2.1 Dodging
 - Level 2.0 Stealth
 - Level 3.0 Shields
 - Level 3.0 Spellcasting
 - Level 4.0 Conjurations
 - Level 2.4 Translocations
 - Level 7.0 Air Magic
 - Level 4.0 Poison Magic


You had 4 spell levels left.
You knew the following spells:

 Your Spells              Type           Power      Damage    Failure   Level
a - Blink                 Tloc           16%        N/A       17%         2
b - Poisonous Vapours     Pois/Air       32%        N/A       4%          2
c - Mephitic Cloud        Conj/Pois/Air  14%        N/A       12%         3
d - Manifold Assault      Tloc           8%         N/A       75%         4

Your spell library contained the following spells:

 Spells                   Type           Power      Damage    Failure   Level
 Cigotuvi's Dreadful Rot  Necr/Pois/Air  22%        N/A       11%         2
 Vhi's Electric Charge    Tloc/Air       28%        N/A       13%         3
 Lesser Beckoning         Tloc           16%        N/A       17%         2
 Teleport Other           Tloc           8%         N/A       34%         3
 Frozen Ramparts          Ice            2%         1d1       65%         3
 Ice Form                 Ice/Tmut       1%         N/A       96%         4
 Summon Ice Beast         Ice/Summ       1%         N/A       96%         4


Dungeon Overview and Level Annotations

Branches:
Dungeon (8/15)             Temple (0/1) D:4            Lair (0/5) D:8

Altars:
Ashenzari
Gozag
Sif Muna
The Shining One

Shops:
D:1 ?   D:4 *

Annotations:
D:3 Ijyb
D:4 3 runed translucent doors, NinjaNoafa's ghost, novice HOFi


Innate Abilities, Weirdness & Mutations

You have a beak for a mouth.
You have claws for feet.
Your magical nature lets you fly swiftly and evasively.


Message History

Found a stone staircase leading up.
The hobgoblin hits you.
A hobgoblin is nearby!
You slash the hobgoblin!
You kill the hobgoblin!
No target in view!
A steam dragon is nearby!
A steam dragon is nearby!
The steam dragon hisses angrily.
The steam dragon bites you! The steam dragon barely misses you.
You slash the steam dragon!
The steam dragon is poisoned.
You claw the steam dragon, but do no damage.
The steam dragon barely misses you. x2
The steam dragon bites you but does no damage.
The steam dragon closely misses you.
You barely miss the steam dragon. The steam dragon breathes steam at you.
The ball of steam hits you!
You hear an angry hiss.
You closely miss the steam dragon. Your kick misses the steam dragon.
You peck the steam dragon, but do no damage.
You are engulfed in a cloud of scalding steam.
The steam dragon barely misses you. The steam dragon closely misses you.
You are engulfed in a cloud of scalding steam.
The steam dragon breathes steam at you. The ball of steam hits you!
* * * LOW HITPOINT WARNING * * *
You barely miss the steam dragon. Your kick misses the steam dragon.
Your peck misses the steam dragon.
You are engulfed in a cloud of scalding steam.
* * * LOW HITPOINT WARNING * * *
The steam dragon bites you but does no damage.
The steam dragon closely misses you.
An iguana comes into view.
You feel better.
You are engulfed in a cloud of scalding steam.
* * * LOW HITPOINT WARNING * * *
The steam dragon breathes steam at you. The ball of steam hits you!
You die...
Your body crumbles into a pile of gold.

#.# <....#.# #.)# #.####
#####.....#.# #.## #....#
#.........#.# ##)#.
#....# #.........#.#
#.)#. .....#
###.....[...#.# #.)..
...#.### #......§..#
#.#####.### .......#
#...$.§§§.# #.g...#....
.#...#.# #.....§.§.#
#.###.....# ..#.#..#
#.....@§§.###.# #######
...>...####.....D.......#
..#.#..##...#####....####
.#...#.#..### #....#
.........## #........
########..## #.........
### ####...#######..l....
#.. #..'...'..# ##......
#.. #..#...#..# #......
#..


You could see a steam dragon (very poisoned, catching breath) and an iguana.

Vanquished Creatures
  A two-headed ogre (D:5)
  A hornet (D:7)
  A wyvern (D:8)
  2 yaks
  An orc warrior (D:7)
  2 ogres
  3 black bears
  3 ice beasts
  A centaur (D:5)
  2 phantoms
  A kobold brigand (D:7)
  A bullfrog (D:6)
  3 scorpions
  3 orc priests
  3 hounds
  A gnoll bouda (D:4)
  2 iguanas
  6 orc wizards
  9 gnolls
  6 adders
  2 shadow imps
  3 white imps
  3 dart slugs
  19 orcs
  11 ball pythons
  7 bats
  12 endoplasms
  3 giant cockroaches
  9 goblins
  11 hobgoblins
  13 kobolds
  3 quokkas
  A frilled lizard (D:1)
  7 rats
156 creatures vanquished.

Vanquished Creatures (others)
  19 fungi (D:8)
  23 plants (D:8)
42 creatures vanquished.

Grand Total: 198 creatures vanquished

Notes
Turn   | Place    | Note
-------+----------+-------------------------------------------
     0 | D:1      | ragingrage the Tengu Warper began the quest for the Orb.
     0 | D:1      | Reached XP level 1. HP: 12/12 MP: 4/4
    61 | D:1      | Found a faded altar of an unknown god.
   137 | D:1      | Reached XP level 2. HP: 12/17 MP: 6/6
   217 | D:1      | Reached skill level 1 in Stealth
   360 | D:1      | Reached skill level 3 in Long Blades
   571 | D:1      | Learned a level 2 spell: Blink
   656 | D:1      | Reached XP level 3. HP: 21/21 MP: 7/7
   846 | D:1      | Found Azxyluloh's Magic Scroll Boutique.
   854 | D:1      | Bought a scroll of poison for 48 gold pieces
  1570 | D:2      | Reached XP level 4. HP: 14/26 MP: 8/8
  1629 | D:2      | Learned a level 2 spell: Poisonous Vapours
  1747 | D:3      | Reached skill level 4 in Long Blades
  2004 | D:3      | Reached skill level 1 in Air Magic
  2153 | D:3      | Reached skill level 1 in Poison Magic
  2321 | D:3      | Noticed Ijyb
  2355 | D:3      | Found a faded altar of an unknown god.
  2360 | D:3      | Found a broken altar of Ashenzari.
  2449 | D:3      | Gained mutation: Your magical nature lets you fly swiftly
                  | and evasively. [Tengu growth]
  2449 | D:3      | Reached XP level 5. HP: 30/30 MP: 9/9
  2905 | D:4      | Learned a level 3 spell: Mephitic Cloud
  3035 | D:4      | Noticed an ogre
  3040 | D:4      | Reached skill level 1 in Conjurations
  3101 | D:4      | Killed an ogre
  3102 | D:4      | Reached XP level 6. HP: 25/35 MP: 10/10
  3196 | D:4      | Reached skill level 5 in Long Blades
  3221 | D:4      | Noticed a steam dragon
  3235 | D:4      | Found Wutiur's Assorted Antiques.
  3314 | D:5      | Entered Level 5 of the Dungeon
  3457 | D:5      | Reached XP level 7. HP: 31/40 MP: 11/11
  3838 | D:5      | Noticed a two-headed ogre
  3874 | D:5      | Killed a two-headed ogre
  3875 | D:5      | Reached skill level 8 in Long Blades
  3875 | D:5      | Reached skill level 5 in Air Magic
  3875 | D:5      | Reached XP level 8. HP: 44/44 MP: 2/12
  4833 | D:6      | Reached skill level 1 in Shields
  4843 | D:6      | Reached XP level 9. HP: 17/48 MP: 7/14
  5108 | D:6      | Reached skill level 9 in Long Blades
  5716 | D:7      | Found a shimmering blue altar of Sif Muna.
  6011 | D:7      | Found an opulent altar of Gozag.
  6058 | D:7      | Became a worshipper of Gozag Ym Sagoz the Greedy
  6106 | D:7      | Noticed a hornet
  6116 | D:7      | Killed a hornet
  6307 | D:8      | Found a glowing golden altar of the Shining One.
  6675 | D:8      | Reached skill level 10 in Long Blades
  6833 | D:8      | Reached skill level 11 in Long Blades
  7135 | D:8      | Found a staircase to the Lair.
  7229 | D:8      | Learned a level 4 spell: Manifold Assault
  7606 | D:4      | Bought a smoking great sword for 230 gold pieces
  7606 | D:4      | Identified the +12 great sword of the Wraith {venom, rC++
                  | Stlth+} (You bought it in a shop on level 4 of the Dungeon)
  7657 | D:4      | Found a runed translucent gate.
  7658 | D:4      | Found a runed translucent gate.
  7660 | D:4      | Found a runed translucent gate.
  7662 | D:4      | Noticed NinjaNoafa's ghost (novice HOFi)
  7708 | D:4      | Reached XP level 10. HP: 38/53 MP: 11/15
  7805 | D:4      | Found a staircase to the Ecumenical Temple.
  7868 | D:4      | Killed from afar by a steam dragon

Illustrated notes

Levels and vault maps discovered:
D:1:      dpeg_arrival_erosion, layout_loops_corners, serial_shops, shop,
          dreamdust_ecumenical_altar_statues
D:2:      layout_basic
D:3:      layout_loops_ring, nicolae_overflow_ecumenical_swirl, dk_vineyard_3,
          minmay_distorted, uniq_ijyb
D:4:      minmay_evil_eye, layout_basic, minmay_temple_entry_crystal_x,
          biasface_ghost_orc_armoury, serial_shops,
          nicolae_shop_overgrown_old_shop, chequers_mini_garden, hex_tiny,
          nicolae_shop_unique_rings, minmay_snake_closets
D:5:      layout_basic
D:6:      layout_loops_ring
D:7:      layout_rooms, mainiacjoe_overflow_brackets,
          nicolae_gozag_seed_capital, grunt_decor_one_mirror, sigmund_army
D:8:      layout_gridville, mainiacjoe_overflow_alcove_1, xom_butterflies,
          due_lair_maze_entry_diamond, kennysheep_generic_room_14

Skill      XL: |  1  2  3  4  5  6  7  8  9 |
---------------+----------------------------+-----
Stealth        | 1 2 |  2.0
Long Blades    | 3 4 5 8 11 | 11.6
Air Magic      | 1 3 4 5 7 |  7.0
Poison Magic   | 1 2 3 4 |  4.0
Conjurations   | 2 3 4 |  4.0
Shields        | 1 3 |  3.0
Spellcasting   | 3 |  3.0
Fighting       | |  2.0
Throwing       | |  1.0
Armour         | |  1.1
Dodging        | |  2.1
Translocations | |  2.4

Action                     |  1- 3 |  4- 6 |  7- 9 | 10-12 || total
---------------------------+-------+-------+-------+-------++-------
  Melee: Falchion          |    88 |   122 |   125 |       ||   335
         Kick              |    14 |    29 |    37 |     1 ||    81
         Peck              |    11 |    17 |    24 |     1 ||    53
         Punch             |       |     1 |       |       ||     1
         Great sword       |       |       |     9 |     8 ||    17
  Throw: Boomerang         |       |     5 |     6 |       ||    11
   Cast: Poisonous Vapours |       |    10 |    82 |       ||    92
         Mephitic Cloud    |       |     2 |    10 |       ||    12
    Use: Scroll            |     1 |     2 |     8 |       ||    11
         Potion            |       |       |     4 |     1 ||     5
   Stab: Sleeping          |     7 |     4 |     2 |     1 ||    14
         Distracted        |       |     1 |       |       ||     1
         Confused          |       |     2 |     5 |       ||     7
 Armour: Leather armour    |    23 |    20 |    41 |     3 ||    87
  Dodge: Dodged            |    55 |    83 |    94 |     7 ||   239
  Block: Buckler           |       |       |    34 |       ||    34

Table legend: (Time is in decaauts)
 A = Elapsed time spent in this place.
 B = Non-inter-level travel time spent in this place.
 C = Inter-level travel time spent in this place.
 D = Time resting spent in this place.
 E = Time spent auto-exploring this place.
 F = Levels seen in this place.
 G = Mean time per level.
                   A        B        C        D        E       F      G
               +--------+--------+--------+--------+--------+-----+--------+
         Total |   7618 |   7252 |    366 |   1606 |   4082 |   8 |  952.2 |
       Dungeon |   7618 |   7252 |    366 |   1606 |   4082 |   8 |  952.2 |
               +--------+--------+--------+--------+--------+-----+--------+

Top non-repeatable levels by time:
     D:5: 1239 daAuts
     D:1: 1094 daAuts
     D:8: 1009 daAuts
     D:6: 990 daAuts
     D:3: 951 daAuts
     D:4: 830 daAuts
     D:2: 767 daAuts
     D:7: 736 daAuts
